 Dungeon Crawl Stone Soup version 0.31-a0-460-g9e667d4245 (webtiles) character file.

Game seed: 14042025992743382418

1526 Maratek the Slasher (level 8, -4/63 HPs)
             Began as a Demonspawn Chaos Knight on Aug 4, 2023.
             Was a Plaything of Xom.
             Slain by Maggie
             ... wielding a +1 morningstar of distortion
              (11 damage)
             ... on level 7 of the Dungeon.
             The game lasted 00:13:13 (5305 turns).

Maratek the Slasher (Demonspawn Chaos Knight)       Turns: 5305, Time: 00:13:17

Health: -4/63      AC: 23    Str: 14    XL:     8   Next: 55%
Magic:  8/8        EV:  4    Int: 15    God:    Xom [....*.]
Gold:   273        SH:  0    Dex: 12    Spells: 7/7 levels left

rFire   . . .        a - +1 falchion (chaos)
rCold   . . .        (no shield)
rNeg    . . .        v - +6 plate armour {ponderous}
rPois   .            (no helmet)
rElec   .            x - +2 cloak
rCorr   +            (no gloves)
SInv    .            k - +1 pair of boots
Will    .....        p - amulet of the acrobat Stlth
                     j - ring of resist corrosion
HPRegen 0.30/turn    (no ring)
MPRegen 0.11/turn

%: acrobat
@: brilliant, mesmerised, slow
A: condensation shield, demonic touch 1
a: Renounce Religion


You were on level 7 of the Dungeon.
You worshipped Xom.
You were a beloved toy of Xom.
You visited 1 branch of the dungeon, and saw 7 of its levels.

You collected 273 gold pieces.

Inventory:

Hand Weapons
 a - a +1 falchion of chaos (weapon)
Armour
 k - a +1 pair of boots (worn)
 v - a +6 plate armour of ponderousness (worn)
 x - a +2 cloak (worn)
Jewellery
 j - a ring of resist corrosion (left hand)
 p - an amulet of the acrobat (around neck)
Wands
 b - a wand of flame (38)
 l - a wand of charming (7)
Scrolls
 e - 2 scrolls of teleportation
 g - a scroll of immolation {unknown}
 i - 2 scrolls of poison
 q - a scroll of brand weapon
 r - 2 scrolls of revelation
 s - a scroll of vulnerability
Potions
 c - a potion of ambrosia
 d - 3 potions of might {unknown}
 f - 4 potions of curing
 h - 3 potions of heal wounds {unknown}
 m - a potion of resistance
 o - a potion of experience {unknown}
 w - 2 potions of cancellation {unknown}
 z - a potion of degeneration {unknown}


   Skills:
 + Level 5.4 Fighting
 + Level 6.9 Long Blades
 + Level 5.0 Armour
 + Level 2.5 Dodging
 + Level 1.2 Stealth
 + Level 2.1 Shields


You had 7 spell levels left.
You didn't know any spells.
Your spell library contained the following spells:

 Spells                   Type           Power      Damage    Failure   Level
 Cigotuvi's Dreadful Rot  Necr/Pois/Air  0%         N/A       100%        2
 Ignite Poison            Fire/Tmut/Pois 0%         N/A       100%        3
 Freezing Cloud           Conj/Ice/Air   0%         6-21      100%        5


Dungeon Overview and Level Annotations

Branches:
Dungeon (7/15)             Temple (0/1) D:7

Altars:
Cheibriados
Fedhas
Gozag
Okawaru
Uskayaw
Xom

Shops:
D:1 *   D:3 *   D:5 **

Annotations:
D:7 Maggie


Innate Abilities, Weirdness & Mutations

A meltable shield of frost defends you. (SH +0)
Your touch may inflict minor irresistible damage on your foes.


Message History

Maggie points at you and mumbles some strange words.
The bolt of fire hits you!
Your condensation shield dissipates!
Things that are here:
a +1 shortbow of electrocution; a centaur corpse You barely miss Maggie.
Maggie hits you with a +1 morningstar of distortion.
You blink.
Found a scroll of poison.
Maggie hits you but does no damage. Space warps around you.
You barely miss Maggie.
You touch Maggie!
Maggie is lightly wounded.
Maggie hits you but does no damage. Space warps horribly around you.
You hit Maggie. You burn Maggie.
Maggie is moderately wounded. "Go forth and cause havoc, mortal!"
You feel clever all of a sudden.
You are now a beloved toy of Xom.
Maggie hits you but does no damage. Space warps around you.
You hit Maggie.
Maggie is moderately wounded.
Maggie hits you but does no damage.
You closely miss Maggie.
Maggie is moderately wounded.
Maggie hits you with a +1 morningstar of distortion!
Space warps horribly around you!
* * * LOW HITPOINT WARNING * * *
You hit Maggie. You drain Maggie. Your touch misses Maggie.
Maggie is heavily wounded.
Xom opens a gate.
Maggie barely misses you.
You hit Maggie. You burn Maggie.
Maggie is heavily wounded.
Your ufetubus hits Maggie.
Your ufetubus hits Maggie but does no damage.
Maggie hits you with a +1 morningstar of distortion.
* * * LOW HITPOINT WARNING * * *
Space warps horribly around you!
You die...
Xom guffaws!

### ........### #####
#.#.#.#.#.# ...?
..............# o o
.#.#.#.#.#.#...# o
#..........!...#
###.#.#.#5#.#...# o o
#.........@@.####
...#.#.#.#)#.#......
c
........<......####.#
....#.#.#.#.#.#....
...................
#....#.#.#.#.#.#....
....................
...........<........
#.#.####............


You could see Maggie (mesmerising, drained, ally target) and a friendly ufetubus
(summoned).

Vanquished Creatures
  A water moccasin (D:6)
  A black bear (D:7)
  A centaur (D:7)
  A phantom (D:6)
  4 kobold brigands
  A bullfrog (D:7)
  Blork the orc (D:5)
  A scorpion (D:5)
  A howler monkey (D:6)
  4 orc priests
  4 hounds
  2 jellies (D:5)
  A sleepcap (D:6)
  3 iguanas
  2 orc wizards (D:4)
  Robin (D:4)
  3 gnolls
  6 adders
  2 shadow imps (D:7)
  An ufetubus (D:6)
  2 worms
  3 dart slugs
  15 orcs
  A ball python (D:3)
  7 bats
  5 endoplasms
  2 giant cockroaches
  6 goblins
  7 hobgoblins
  18 kobolds
  5 quokkas
  A frilled lizard (D:1)
  2 rats
115 creatures vanquished.

Vanquished Creatures (collateral kills)
  A quokka (D:4)
1 creature vanquished.

Vanquished Creatures (others)
  A hobgoblin zombie (D:4)
1 creature vanquished.

Grand Total: 117 creatures vanquished

Notes
Turn   | Place    | Note
-------+----------+-------------------------------------------
     0 | D:1      | Maratek the Demonspawn Chaos Knight began the quest for the
                  | Orb.
     0 | D:1      | Reached XP level 1. HP: 18/18 MP: 1/1
     2 | D:1      | XOM: silly message
    60 | D:1      | XOM: enchant monster (good)
   198 | D:1      | Found Peant's General Store.
   375 | D:1      | Discovered your monstrous ancestry.
   375 | D:1      | Gained mutation: Your touch may inflict minor irresistible
                  | damage on your foes. [demonic ancestry]
   375 | D:1      | Reached XP level 2. HP: 24/24 MP: 2/2
   591 | D:1      | Reached skill level 3 in Long Blades
   979 | D:1      | XOM: summons 2 hostile demons
   980 | D:1      | Noticed a crimson imp
  1082 | D:2      | XOM: cast spell 'Leda's Liquefaction'
  1091 | D:2      | Reached skill level 1 in Dodging
  1164 | D:2      | Reached XP level 3. HP: 29/29 MP: 3/3
  1433 | D:2      | XOM: silly message
  1888 | D:3      | Found an opulent altar of Gozag.
  1921 | D:3      | Found Huxoaff's Assorted Antiques.
  2094 | D:4      | Gained mutation: A meltable shield of frost defends you.
                  | (SH +0) [demonic ancestry]
  2094 | D:4      | Reached XP level 4. HP: 7/35 MP: 4/4
  2356 | D:4      | Reached XP level 5. HP: 15/41 MP: 5/5
  2372 | D:4      | Reached skill level 4 in Long Blades
  2401 | D:4      | XOM: 1-stop teleportation journey
  2674 | D:4      | XOM: 3-stop teleportation journey
  2692 | D:4      | Reached XP level 6. HP: 37/48 MP: 6/6
  2804 | D:4      | Noticed Robin
  2809 | D:4      | Killed Robin
  2867 | D:4      | Identified the +0 robe of Ytziom {Will+++}
  3112 | D:4      | XOM: scenery: create altars
  3458 | D:4      | Found an iron altar of Okawaru.
  3459 | D:4      | Found a blossoming altar of Fedhas.
  3562 | D:4      | Reached skill level 5 in Long Blades
  3594 | D:4      | Reached XP level 7. HP: 51/54 MP: 7/7
  3719 | D:5      | Entered Level 5 of the Dungeon
  3833 | D:5      | Found Vocvy's General Store.
  3833 | D:5      | Found Alio's Specific Store.
  3833 | D:5      | XOM: 3-stop teleportation journey
  3834 | D:5      | XOM: noise
  3946 | D:5      | Reached skill level 1 in Stealth
  4047 | D:5      | Reached skill level 1 in Shields
  4054 | D:5      | XOM: stat loss: -1 Int (13/14)
  4165 | D:5      | Found a snail-covered altar of Cheibriados.
  4229 | D:5      | Noticed Blork the orc
  4239 | D:5      | Killed Blork the orc
  4484 | D:6      | Reached skill level 6 in Long Blades
  4572 | D:6      | XOM: butterfly on damage
  4572 | D:6      | XOM: smoke on damage
  4578 | D:6      | XOM: noise
  4595 | D:6      | Reached XP level 8. HP: 23/61 MP: 8/8
  4603 | D:6      | XOM: silly message
  4610 | D:6      | Reached skill level 5 in Fighting
  4848 | D:6      | XOM: silly message
  4992 | D:6      | XOM: summons 5 hostile demons
  5098 | D:7      | XOM: god gift: 2 murky amethyst potions {god gift}
  5144 | D:7      | Reached skill level 5 in Armour
  5168 | D:7      | Found a staircase to the Ecumenical Temple.
  5190 | D:7      | XOM: divination: detect items
  5260 | D:7      | Found a hide-covered altar of Uskayaw.
  5288 | D:7      | Noticed Maggie
  5292 | D:7      | XOM: divination: detect creatures
  5301 | D:7      | XOM: potion effect (brilliance)
  5304 | D:7      | XOM: summons friendly ufetubus
  5305 | D:7      | Slain by Maggie

Illustrated notes

Levels and vault maps discovered:
D:1:      dpeg_arrival_windows_large_door, layout_loops_corners, serial_bayou,
          serial_bayou_ford_a, serial_bayou_lagoon_a, serial_bayou_lake_a,
          serial_bayou_pond_e, serial_shops, shop_fountains,
          roderic_roman_lattice
D:2:      layout_basic
D:3:      layout_rooms, grunt_gozag_statues, serial_shops, shop
D:4:      cheibrodos_thug_alley, layout_loops_ring,
          mainiacjoe_overflow_divided_tiny, minmay_unequal, uniq_robin
D:5:      layout_basic, mainiacjoe_overflow_tiny_flanked,
          nicolae_specific_store, nicolae_elevator_lobby_plus,
          uniq_blork_the_orc
D:6:      layout_rooms
D:7:      layout_basic, nzn_overflow_gifts_of_might_and_magic,
          mainiacjoe_overflow_boulevard, mainiacjoe_overflow_alcove_1,
          temple_statues, nicolae_shop_i_like_big_books, st_stairs_10,
          kennysheep_generic_room_4, uniq_menkaure, uniq_maggie

Skill      XL: |  1  2  3  4  5  6  7  8 |
---------------+-------------------------+-----
Armour         | 2 3 4 5 |  5.0
Long Blades    | 3 4 5 6 |  6.9
Dodging        | 1 2 |  2.5
Fighting       | 4 5 |  5.4
Stealth        | 1 |  1.2
Shields        | 1 2 |  2.1

Action                     |  1- 3 |  4- 6 |  7- 9 || total
---------------------------+-------+-------+-------++-------
  Melee: Falchion          |   161 |   114 |   137 ||   412
         Touch             |    27 |    19 |    34 ||    80
         Punch             |       |       |     1 ||     1
    Use: Scroll            |       |     1 |    14 ||    15
         Potion            |       |       |     4 ||     4
   Stab: Sleeping          |     1 |       |       ||     1
 Armour: Leather armour    |    81 |    23 |       ||   104
         Plate armour      |       |    24 |   134 ||   158
  Dodge: Dodged            |    94 |    57 |    80 ||   231
  Block: Other             |       |    18 |    30 ||    48

Table legend: (Time is in decaauts)
 A = Elapsed time spent in this place.
 B = Non-inter-level travel time spent in this place.
 C = Inter-level travel time spent in this place.
 D = Time resting spent in this place.
 E = Time spent auto-exploring this place.
 F = Levels seen in this place.
 G = Mean time per level.
                   A        B        C        D        E       F      G
               +--------+--------+--------+--------+--------+-----+--------+
         Total |   5560 |   5500 |     60 |    677 |   3468 |   7 |  794.3 |
       Dungeon |   5560 |   5500 |     60 |    677 |   3468 |   7 |  794.3 |
               +--------+--------+--------+--------+--------+-----+--------+

Top non-repeatable levels by time:
     D:4: 1464 daAuts
     D:1: 1069 daAuts
     D:5: 873 daAuts
     D:3: 804 daAuts
     D:6: 596 daAuts
     D:2: 529 daAuts
     D:7: 223 daAuts
